 Dungeon Crawl Stone Soup version 0.25-a0-603-g0321be95db (webtiles) character file.

Game seed: 11028090473064712923, levelgen mode: deterministic

56 Gynju the Magician (level 3, -5/19 HPs)
             Began as a Deep Elf Wizard on Mar 15, 2020.
             Slain by a worm (12 damage)
             ... on level 2 of the Dungeon on Mar 16, 2020.
             The game lasted 00:03:04 (2372 turns).

Gynju the Magician (Deep Elf Wizard)                Turns: 2372, Time: 00:03:05

Health: -5/19      AC:  2    Str:  5    XL:     3   Next: 69%
Magic:  5/13       EV: 13    Int: 22    God:
Gold:   80         SH:  0    Dex: 13    Spells: 10/15 levels left

rFire    . . .     SeeInvis .   e - +0 whip
rCold    . . .     Gourm    .   (no shield)
rNeg     . . .     Faith    .   a - +0 robe
rPois    .         Spirit   .   b - +0 hat
rElec    .         Reflect  .   (no cloak)
rCorr    .         Harm     .   (no gloves)
MR       .....                  (no boots)
Stlth    ++........             (no amulet)
HPRegen  0.06/turn              (no ring)
MPRegen  0.13/turn              (no ring)

@: very slightly contaminated
A: no striking features
a: no special abilities


You were on level 2 of the Dungeon.
You were not hungry.

You visited 1 branch of the dungeon, and saw 2 of its levels.

You collected 80 gold pieces.

Inventory:

Hand Weapons
 e - a +0 whip (weapon)
Armour
 a - a +0 robe (worn)
 b - a +0 hat (worn)
Scrolls
 c - 2 scrolls of identify {unknown}
 g - a scroll of enchant weapon {unknown}
 h - a scroll of teleportation {unknown}
Potions
 f - a potion of curing {unknown}
Comestibles
 d - 2 rations


   Skills:
 - Level 2.4 Dodging
 - Level 2.4 Stealth
 + Level 6.5 Spellcasting
 - Level 1.1 Conjurations
 - Level 1.1 Summonings
 - Level 1.1 Translocations


You had 10 spell levels left.
You knew the following spells:

 Your Spells              Type           Power        Failure   Level  Hunger
a - Magic Dart            Conj           ##..         5%          1    None
b - Blink                 Tloc           N/A          9%          2    None
c - Call Imp              Summ           ##......     9%          2    None

Your spell library contained the following spells:

 Spells                   Type           Power        Failure   Level  Hunger
 Slow                     Hex            #.......     13%         2    None
 Conjure Flame            Conj/Fire      #.......     21%         3    #......
 Mephitic Cloud           Conj/Pois/Air  #.......     22%         3    #......


Dungeon Overview and Level Annotations

Branches:
Dungeon (2/15)

Altars:


Message History

The worm is almost dead.
The worm barely misses you.
Casting: Magic Dart (safe; 5% risk of failure)
Confirm with . or Enter, or press ? or * to list all spells.
Aiming: Magic Dart (safe; 5% risk of failure)
Press: ? - help, Shift-Dir - straight line, f/p - worm
Aim: a worm (severely wounded)
You miscast Magic Dart.
You are very lightly contaminated with residual magic.
Wisps of smoke drift from your hands.
Casting: Magic Dart (safe; 5% risk of failure)
Confirm with . or Enter, or press ? or * to list all spells.
Aiming: Magic Dart (safe; 5% risk of failure)
Press: ? - help, Shift-Dir - straight line, f/p - worm
Aim: a worm (severely wounded)
The magic dart hits the worm but does no damage.
The worm is severely wounded.
The worm bites you!
Ouch! That really hurt!
You die...

>... †#. ..### #
...# )# #... #..#
#..# .....
##..#####.....#
#......@w......
#...#..#####.....#
# #..# .#!.# #..#
# # ### #..# ##
..# #..#
....#.##..#
...>......#
###.###..##


You could see a worm.

Vanquished Creatures
  A gnoll (D:1)
  A dart slug (D:1)
  A leopard gecko (D:1)
  A ball python (D:2)
  2 giant cockroaches (D:1)
  6 hobgoblins (D:1)
  7 jackals (D:1)
  5 bats
  5 frilled lizards
  A goblin (D:1)
  6 kobolds
  3 rats (D:1)
39 creatures vanquished.

Notes
Turn   | Place    | Note
-------+----------+-------------------------------------------
     0 | D:1      | Gynju the Deep Elf Wizard began the quest for the Orb.
     0 | D:1      | Reached XP level 1. HP: 10/10 MP: 7/7
   262 | D:1      | Reached skill level 5 in Spellcasting
   282 | D:1      | Reached XP level 2. HP: 2/15 MP: 0/10
   687 | D:1      | Learned a level 2 spell: Blink
   690 | D:1      | Learned a level 2 spell: Call Imp
  1045 | D:1      | Reached XP level 3. HP: 5/19 MP: 0/12
  1393 | D:1      | Reached skill level 6 in Spellcasting
  2163 | D:2      | Upgraded the game from 0.25-a0-597-gb30770a0c0 to
                  | 0.25-a0-603-g0321be95db
  2372 | D:2      | Slain by a worm

Levels and vault maps discovered:
D:1:      tarquinn_simple_flora_water_e, layout_basic
D:2:      layout_loops_ring, kennysheep_generic_room_13

Skill      XL: |  1  2  3 |
---------------+----------+-----
Spellcasting   | 5 6 |  6.5
Dodging        | |  2.4
Stealth        | |  2.4
Conjurations   | |  1.1
Summonings     | |  1.1
Translocations | |  1.1

Action                   || total
-------------------------++-------
Melee: Whip              ||    27
 Cast: Magic Dart        ||   123
  Eat: Chunk             ||     4
Armor: Robe              ||    16
Dodge: Dodged            ||    64

Table legend:
 A = Non-vault XP
 B = Vault XP
 C = Vault XP percentage of total XP
 D = Non-vault monster count
 E = Vault monster count
 F = Vault count percentage of total count
                 A         B        C        D         E       F
            +---------+---------+-------+---------+---------+-------
      Total |      80 |       0 |   0.0 |      39 |       0 |   0.0
            +---------+---------+-------+---------+---------+-------
        D:1 |      67 |       0 |   0.0 |      31 |       0 |   0.0
        D:2 |      13 |       0 |   0.0 |       8 |       0 |   0.0
            +---------+---------+-------+---------+---------+-------
